[Event "WYCC 2018 G18"]
[Site "Halkidiki"]
[Date "2018.10.23"]
[Round "5"]
[White "Redondo Benavente, Ana"]
[Black "Chitlange Sakshi"]
[Result "1/2-1/2"]
[ECO "B12"]
[WhiteElo "2055"]
[BlackElo "2237"]
[Annotator "ChessBase"]
[PlyCount "155"]
[EventDate "2018.10.20"]
[EventType "swiss"]
[EventCountry "GRE"]
[SourceTitle "playchess.com"]
[Source "ChessBase"]
[SourceQuality "1"]
[TimeControl "40/5400+30:1800+30"]

1. e4 c6 2. d4 d5 3. e5 Bf5 4. h4 h5 5. Bd3 Bxd3 6. Qxd3 e6 7. Bg5 Qb6 8. Nd2 Qa6 9. c4 Bb4 10. b3 Ne7 11. Ngf3 Nd7 12. O-O Nf5 13. Rfd1 O-O 14. Nf1 dxc4 15. bxc4 Nb6 16. a3 Ba5 17. Rac1 Na4 18. Qb3 Bd8 19. Ne3 Bxg5 20. hxg5 Ne7 21. Nd2 Nb6 22. Ne4 Nd7 23. Ng3 h4 24. Ne4 Ng6 25. Ng4 c5 26. d5 exd5 27. Rxd5 Qe6 28. Qd1 Ndxe5 29. Nxe5 Nxe5 30. Nxc5 Qe7 31. Qd4 Qxg5 32. Rc3 Nc6 33. Rxg5 Nxd4 34. Rh3 f6 35. Rg4 Nf5 36. Rf3 Nh6 37. Rxh4 Rf7 38. Ne4 Raf8 39. Nc3 Rd7 40. Nd5 f5 41. Rd3 Kf7 42. f3 Re8 43. Kf2 Rd6 44. Rhd4 Red8 45. a4 Ng8 46. a5 Ne7 47. Rb3 R8d7 48. Rb5 Ng6 49. g4 fxg4 50. Rxg4 Ne5 51. Rf4+ Kg8 52. Re4 Nc6 53. a6 bxa6 54. Rc5 Kf8 55. Ne3 g6 56. Rg5 a5 57. c5 Rf6 58. Ng4 Rf5 59. Rxg6 Rxc5 60. Rf4+ Ke7 61. Re4+ Kd8 62. Nf6 Rf7 63. Re6 Ne7 64. Rg4 Rf5 65. Rd4+ Kc8 66. Rd7 R5xf6 67. Rexe7 Rxf3+ 68. Ke2 Rxe7+ 69. Rxe7 Rb3 70. Rxa7 Rb5 71. Kd3 Kb8 72. Rh7 a4 73. Rh4 a3 74. Ra4 Rb3+ 75. Kc2 Rh3 76. Kb1 Kb7 77. Ka2 Kb6 78. Rxa3 1/2-1/2

[Event "WYCC 2018 G18"]
[Site "Halkidiki"]
[Date "2018.10.23"]
[Round "5"]
[White "Cvitan, Ena"]
[Black "Manova, Ivana"]
[Result "1-0"]
[ECO "A46"]
[WhiteElo "2034"]
[BlackElo "1951"]
[Annotator "NA"]
[PlyCount "71"]
[EventDate "2018.10.20"]
[EventType "swiss"]
[EventCountry "GRE"]
[SourceTitle "playchess.com"]
[Source "ChessBase"]
[SourceQuality "1"]
[TimeControl "40/5400+30:1800+30"]

1. d4 Nf6 2. Nf3 e6 3. Bf4 c5 4. e3 cxd4 5. exd4 b6 6. Nbd2 Be7 7. h3 O-O 8. Bd3 Ba6 9. Bxa6 Nxa6 10. c3 b5 11. a4 Qb6 12. axb5 Qxb5 13. Qe2 Qf5 14. Bg3 Nb8 15. O-O Nc6 16. Ra6 Qc2 17. Qb5 Nd5 18. Nc4 f5 19. Be5 f4 20. Rfa1 Qe2 21. Rxc6 dxc6 22. Qxc6 Kh8 23. Ncd2 Nb6 24. Qxe6 Bf6 25. Re1 Rae8 26. Qa2 Qb5 27. Ne4 Bxe5 28. Nxe5 Re7 29. Ng5 Nd5 30. Nef7+ Rexf7 31. Nxf7+ Kg8 32. Nd6 Qc6 33. Re5 Qxd6 34. Qxd5+ Qxd5 35. Rxd5 Rb8 36. b4 1-0

[Event "WYCC 2018 G18"]
[Site "Halkidiki"]
[Date "2018.10.23"]
[Round "5"]
[White "Hng, Mei-En Emmanuelle"]
[Black "Gajcin, Marina"]
[Result "0-1"]
[ECO "B21"]
[WhiteElo "2020"]
[BlackElo "2153"]
[Annotator "NA"]
[PlyCount "120"]
[EventDate "2018.10.20"]
[EventType "swiss"]
[EventCountry "GRE"]
[SourceTitle "playchess.com"]
[Source "ChessBase"]
[SourceQuality "1"]
[TimeControl "40/5400+30:1800+30"]

1. e4 c5 2. d4 cxd4 3. c3 dxc3 4. Nxc3 e6 5. Bc4 a6 6. Nf3 b5 7. Bb3 Bb7 8. Qe2 Nc6 9. O-O Nge7 10. a3 Ng6 11. Rd1 Be7 12. Be3 O-O 13. Rac1 Rc8 14. Ba2 Na5 15. Bd4 Nc4 16. Bxc4 bxc4 17. Qe3 d5 18. g3 Qe8 19. e5 f5 20. Qd2 Bc6 21. Kg2 f4 22. g4 Qf7 23. Qe2 Rb8 24. Rh1 Nh4+ 25. Nxh4 Bxh4 26. f3 Rb3 27. Rhd1 Rfb8 28. Rd2 Qb7 29. Nd1 Be8 30. Nf2 Bd8 31. Nd1 Bg6 32. Qf2 Ba5 33. Bc3 Bxc3 34. Rxc3 Rb5 35. Qd4 Rf8 36. Rc1 Qb6 37. Rc3 Qb7 38. Rc1 Qb6 39. Rc3 Qb8 40. Rc1 Qb7 41. Rc3 h6 42. Rc1 Bh7 43. Ra1 Qb6 44. Kf2 g5 45. Rc1 Rb8 46. Rc3 Bd3 47. Qxb6 R8xb6 48. b4 a5 49. Rcxd3 cxd3 50. Nc3 axb4 51. Nxb5 Rxb5 52. axb4 Rxb4 53. Rxd3 Rb2+ 54. Ke1 Rxh2 55. Ra3 Rc2 56. Ra6 Kf7 57. Ra7+ Ke8 58. Rh7 Rc3 59. Rxh6 Re3+ 60. Kf2 Rxe5 0-1

[Event "WYCC 2018 G18"]
[Site "Halkidiki"]
[Date "2018.10.23"]
[Round "5"]
[White "Bauyrzhan, Arnash"]
[Black "Miller, Rachel"]
[Result "1-0"]
[ECO "C50"]
[WhiteElo "2011"]
[BlackElo "1859"]
[Annotator "NA"]
[PlyCount "55"]
[EventDate "2018.10.20"]
[EventType "swiss"]
[EventCountry "GRE"]
[SourceTitle "playchess.com"]
[Source "ChessBase"]
[SourceQuality "1"]
[TimeControl "40/5400+30:1800+30"]

1. e4 e5 2. Nf3 Nc6 3. Bc4 Bc5 4. d3 Nf6 5. O-O d6 6. h3 O-O 7. a4 h6 8. c3 a5 9. Nbd2 Be6 10. Bxe6 fxe6 11. Nc4 Qe8 12. Re1 Qg6 13. Be3 Bxe3 14. Rxe3 Nh5 15. Nh2 Rf4 16. Ng4 Raf8 17. Qe2 b6 18. Rf1 Ne7 19. Qd1 Kh7 20. b3 Ng8 21. g3 R4f7 22. d4 exd4 23. cxd4 Ngf6 24. Nge5 dxe5 25. Nxe5 Qg5 26. h4 Ng4 27. hxg5 Nxe3 28. g6+ 1-0

[Event "WYCC 2018 G18"]
[Site "Halkidiki"]
[Date "2018.10.23"]
[Round "5"]
[White "Li, Yilin"]
[Black "Nemcova, Kamila"]
[Result "1-0"]
[ECO "B01"]
[WhiteElo "1993"]
[BlackElo "1879"]
[Annotator "NA"]
[PlyCount "37"]
[EventDate "2018.10.20"]
[EventType "swiss"]
[EventCountry "GRE"]
[SourceTitle "playchess.com"]
[Source "ChessBase"]
[SourceQuality "1"]
[TimeControl "40/5400+30:1800+30"]

1. e4 d5 2. exd5 Nf6 3. c4 e6 4. dxe6 Bxe6 5. Nc3 Nc6 6. Nf3 Bc5 7. Be2 Bf5 8. O-O O-O 9. a3 Re8 10. b4 Bd4 11. Bb2 Qd7 12. Ra2 Qe6 13. b5 Bxc3 14. Bxc3 Qxe2 15. Qxe2 Rxe2 16. bxc6 bxc6 17. Nd4 Re5 18. f4 Rc5 19. Bb4 1-0

[Event "WYCC 2018 G18"]
[Site "Halkidiki"]
[Date "2018.10.23"]
[Round "5"]
[White "Nass, Sara"]
[Black "Cibikova, Sofia Anna"]
[Result "0-1"]
[ECO "B40"]
[WhiteElo "1986"]
[BlackElo "1809"]
[Annotator "NA"]
[PlyCount "90"]
[EventDate "2018.10.20"]
[EventType "swiss"]
[EventCountry "GRE"]
[SourceTitle "playchess.com"]
[Source "ChessBase"]
[SourceQuality "1"]
[TimeControl "40/5400+30:1800+30"]

1. e4 c5 2. Nf3 e6 3. d4 cxd4 4. Nxd4 Nf6 5. Nc3 Nc6 6. a3 Qa5 7. Nb3 Qc7 8. Be3 a6 9. f4 d6 10. Be2 Be7 11. O-O b5 12. Kh1 Bb7 13. Bf3 Rd8 14. Qe2 Nd7 15. Rad1 O-O 16. Qf2 Na5 17. Nxa5 Qxa5 18. e5 d5 19. Bd4 Qc7 20. Qg3 Bc5 21. Bxc5 Nxc5 22. f5 exf5 23. Nxd5 Bxd5 24. Bxd5 Ne4 25. Bxe4 fxe4 26. c3 Rxd1 27. Rxd1 Rd8 28. Rxd8+ Qxd8 29. Qg4 g6 30. h4 Qd3 31. h5 Kg7 32. Qf4 Qd1+ 33. Kh2 Qxh5+ 34. Kg3 Qf5 35. b3 Qe6 36. Qf6+ Qxf6 37. exf6+ Kxf6 38. Kf4 e3 39. Kxe3 Ke5 40. Kd3 Kd5 41. Ke3 h5 42. Kf4 f6 43. g3 a5 44. Ke3 g5 45. Kf3 a4 0-1

[Event "WYCC 2018 G18"]
[Site "Halkidiki"]
[Date "2018.10.23"]
[Round "5"]
[White "Caballero Quijano, Mitzy Mishell"]
[Black "Sliwicka, Alicja"]
[Result "1/2-1/2"]
[ECO "A43"]
[WhiteElo "1956"]
[BlackElo "2264"]
[Annotator "NA"]
[PlyCount "66"]
[EventDate "2018.10.20"]
[EventType "swiss"]
[EventCountry "GRE"]
[SourceTitle "playchess.com"]
[Source "ChessBase"]
[SourceQuality "1"]
[TimeControl "40/5400+30:1800+30"]

1. d4 Nf6 2. Nf3 c5 3. d5 b5 4. Bg5 d6 5. Bxf6 exf6 6. e4 a6 7. a4 b4 8. c3 {[%emt 0:01:19] A43: Schmid Benoni} (8. Nbd2 f5 9. exf5 Bxf5 10. Bd3 Bg4 11. h3 Bc8 12. O-O Be7 13. Re1 O-O 14. a5 Ra7 15. Nc4 Bd7 {1-0 (79) Sokolov,I (2645)-Vaisser,A (2533) Mulhouse 2011}) 8... a5 9. Bb5+ Bd7 10. c4 $146 ({Predecessor:} 10. Bxd7+ Nxd7 11. cxb4 axb4 12. Nbd2 Be7 13. O-O O-O 14. Nc4 Re8 15. a5 Ra6 {0-1 (48) Pantovic,D (2137)-Stojanovic,Z (2245) Vrnjacka Banja 2007}) 10... g6 11. O-O Bg7 12. Ra2 O-O 13. b3 f5 14. Bxd7 Qxd7 15. exf5 Qxf5 16. Re2 Nd7 17. Nbd2 Rae8 18. Rfe1 Nf6 19. Rxe8 Rxe8 20. Rxe8+ Nxe8 21. Qe2 Kf8 22. Ne4 h6 $11 23. h3 Qf4 24. Qe3 Qxe3 25. fxe3 f5 26. Nf2 Nf6 27. g4 fxg4 28. hxg4 g5 29. Nd2 Kf7 30. Nde4 Nxe4 31. Nxe4 Be5 32. Kg2 Kg6 33. Kf3 Kf7 1/2-1/2

[Event "WYCC 2018 G18"]
[Site "Halkidiki"]
[Date "2018.10.23"]
[Round "5"]
[White "Prakapuk, Vera"]
[Black "Afonasieva, Anna"]
[Result "0-1"]
[ECO "B11"]
[WhiteElo "1949"]
[BlackElo "2245"]
[Annotator "NA"]
[PlyCount "154"]
[EventDate "2018.10.20"]
[EventType "swiss"]
[EventCountry "GRE"]
[SourceTitle "playchess.com"]
[Source "ChessBase"]
[SourceQuality "1"]
[TimeControl "40/5400+30:1800+30"]

1. e4 c6 2. Nf3 d5 3. Nc3 Bg4 4. h3 Bxf3 5. Qxf3 Nf6 6. d3 e6 7. g3 Bb4 {[%emt 0:02:27] B11: Caro-Kann: Two Knights Variation} 8. a3 {[%emt 0:10:21] LiveBook: 5 Games} (8. Bd2 d4 9. Nb1 Qb6 10. Bg2 O-O 11. O-O a5 12. Bc1 a4 13. a3 Be7 14. Nd2 Nbd7 15. Qe2 Qc7 16. f4 b5 {0-1 (43) Andriasian,Z (2603)-Shimanov,A (2626) chess.com INT 2018}) 8... Bxc3+ 9. bxc3 dxe4 10. dxe4 Qa5 11. Bd2 O-O $146 ({Predecessor:} 11... Nbd7 12. Bg2 Qa6 13. Qd3 Qxd3 14. cxd3 Nc5 15. Ke2 {1-0 (26) Hess,R (2483)-Antal,G (2493) Lubbock 2009}) 12. Bg2 Qa4 13. e5 Nfd7 14. Qf4 Qb5 15. a4 Qxe5+ 16. Qxe5 Nxe5 17. Rb1 b6 18. Ke2 Nbd7 19. f4 Nc4 20. Bxc6 Rad8 21. Rhd1 Nc5 22. Be3 Nxe3 23. Kxe3 Rxd1 24. Rxd1 Rc8 25. Rd4 Kf8 26. Bb5 Ke7 27. g4 Rc7 28. Kd2 Nb7 29. Bd3 h6 30. Bb5 Nd6 31. Bd3 Rc5 32. Be2 f6 33. Kd3 e5 34. Rb4 e4+ 35. Kd4 g6 36. Rb1 Ke6 37. Rg1 Ra5 38. Ra1 Rd5+ 39. Ke3 Rc5 40. Kd4 f5 41. c4 Nb7 42. Rg1 Ra5 43. gxf5+ Kxf5 44. Bg4+ Kxf4 45. Rf1+ Kg5 46. Kxe4 h5 47. Be2 Nd6+ 48. Kf3 Rxa4 49. Rg1+ Kf6 50. Bd3 g5 51. h4 g4+ 52. Ke2 Ra5 $19 ({Don't take} 52... Nxc4 53. Rf1+ Kg7 54. Rf5) 53. Rf1+ Ke6 54. Rf8 Nf5 55. Rh8 Nxh4 56. Kf2 Nf3 57. Rh6+ Ke7 58. Kg3 Rg5 59. Kf4 g3 60. Bf1 g2 61. Bxg2 Rxg2 62. Kxf3 Rxc2 63. Rxh5 Kd6 64. Rh7 a5 65. Rh6+ Kc5 66. Ke3 Rxc4 67. Kd3 b5 68. Rh1 a4 69. Rh2 Kb4 70. Rb2+ Ka5 71. Rh2 a3 72. Rh1 Ka4 73. Ra1 Rc6 74. Rh1 a2 75. Rh8 Ra6 76. Rh1 Kb3 77. Ra1 Kb2 0-1

[Event "WYCC 2018 G18"]
[Site "Halkidiki"]
[Date "2018.10.23"]
[Round "5"]
[White "Sevilla, Julia"]
[Black "Jie, Tianhui"]
[Result "1/2-1/2"]
[ECO "A40"]
[WhiteElo "1947"]
[BlackElo "1849"]
[Annotator "NA"]
[PlyCount "112"]
[EventDate "2018.10.20"]
[EventType "swiss"]
[EventCountry "GRE"]
[SourceTitle "playchess.com"]
[Source "ChessBase"]
[SourceQuality "1"]
[TimeControl "40/5400+30:1800+30"]

1. d4 Nf6 2. c4 e6 3. g3 Bb4+ 4. Bd2 Bxd2+ 5. Nxd2 O-O 6. Bg2 d6 7. Ngf3 Nc6 8. O-O e5 9. d5 Nb8 10. e4 a5 11. b3 Na6 12. a3 Bd7 13. Qc2 $11 c6 14. dxc6 bxc6 15. Ne1 Qe7 16. Nd3 Rfc8 17. Rfe1 Ne8 18. c5 Nxc5 19. Nxc5 dxc5 20. a4 f6 21. Rac1 Nc7 22. Bf1 Kh8 23. Qxc5 Qxc5 24. Rxc5 Ne6 25. Rc3 Nd4 26. Nf3 Be6 27. Nxd4 exd4 28. Rd3 c5 29. Rf3 c4 30. bxc4 Bxc4 31. e5 Bxf1 32. Kxf1 fxe5 33. Rxe5 h6 34. Rff5 Rc4 35. Rxa5 Rxa4 36. Rxa8+ Rxa8 37. Rd5 Ra4 38. Ke2 Ra2+ 39. Kf3 Rd2 40. Rf5 Kh7 41. h4 g6 42. Rf7+ Kg8 43. Rd7 Kh8 44. Kg2 Rd1 45. Kf3 Rd2 46. Rf7 Kg8 47. Re7 Kh8 48. Re2 Rd1 49. Ra2 Kg7 50. Ke2 Rb1 51. Kd3 Rd1+ 52. Ke4 Kf6 53. Ra6+ Kf7 54. Rd6 Rd2 55. f3 Rg2 56. g4 Rh2 1/2-1/2

[Event "WYCC 2018 G18"]
[Site "Halkidiki"]
[Date "2018.10.23"]
[Round "5"]
[White "Golsta, Madara"]
[Black "Perry, Tal"]
[Result "1/2-1/2"]
[ECO "A22"]
[WhiteElo "1938"]
[BlackElo "1702"]
[Annotator "NA"]
[PlyCount "61"]
[EventDate "2018.10.20"]
[EventType "swiss"]
[EventCountry "GRE"]
[SourceTitle "playchess.com"]
[Source "ChessBase"]
[SourceQuality "1"]
[TimeControl "40/5400+30:1800+30"]

1. c4 e5 2. Nc3 Nf6 3. g3 Nc6 4. Bg2 Bb4 5. Nd5 Nxd5 6. cxd5 Ne7 7. Nf3 Bd6 8. e4 O-O 9. O-O $14 {[%emt 0:00:26] LiveBook: 3 Games} f5 10. d3 b6 11. b3 Ba6 12. Re1 Ng6 13. h4 f4 14. Bb2 fxg3 15. fxg3 Qe7 16. a3 Rxf3 17. Qxf3 Bc5+ 18. d4 exd4 19. b4 Rf8 20. Qb3 Bd6 21. e5 Nxe5 22. Bxd4 Qf6 23. Qc3 Nf3+ 24. Bxf3 Qxf3 25. Qxf3 Rxf3 26. Be5 Bxe5 27. Rxe5 Rxg3+ 28. Kh2 Rg4 29. Kh3 Rd4 30. Rae1 h6 31. R1e4 1/2-1/2

[Event "WYCC 2018 G18"]
[Site "Halkidiki"]
[Date "2018.10.23"]
[Round "5"]
[White "Belluire, Beatrice"]
[Black "Cosme Contreras, Trilce"]
[Result "0-1"]
[ECO "B99"]
[WhiteElo "1931"]
[BlackElo "1829"]
[Annotator "NA"]
[PlyCount "88"]
[EventDate "2018.10.20"]
[EventType "swiss"]
[EventCountry "GRE"]
[SourceTitle "playchess.com"]
[Source "ChessBase"]
[SourceQuality "1"]
[TimeControl "40/5400+30:1800+30"]

1. e4 c5 2. Nf3 d6 3. d4 cxd4 4. Nxd4 Nf6 5. Nc3 a6 6. Bg5 e6 7. f4 Be7 8. Qf3 Qc7 9. O-O-O Nbd7 10. Bxf6 Nxf6 11. g4 b5 12. g5 Nd7 13. f5 Bxg5+ 14. Kb1 Ne5 15. Qh5 Qd8 16. h4 Bf6 17. Nxe6 Bxe6 18. fxe6 O-O 19. exf7+ Kh8 20. Bh3 Rxf7 21. Nd5 Rf8 22. Nf4 Qe8 23. Qe2 Nc4 24. h5 Qe5 25. Nd3 Qd4 26. c3 Qe3 27. Qg2 Qh6 28. Qf2 Bxc3 29. Bf5 Bd2 30. Rxd2 Nxd2+ 31. Ka1 Nxe4 32. Qf3 Ng3 33. Nf4 Nxf5 34. Ng6+ hxg6 35. hxg6 Nh4 36. Qg4 Rf4 37. Qg3 Raf8 38. a3 Qg5 39. Qe1 Qf6 40. Qe2 Qxg6 41. Qe1 Qf6 42. Qg3 Rf1+ 43. Rxf1 Qxf1+ 44. Ka2 Qc4+ 0-1

[Event "WYCC 2018 G18"]
[Site "Halkidiki"]
[Date "2018.10.23"]
[Round "5"]
[White "Zairbek kyzy, Begimay"]
[Black "Manriquez Abarzua, Maria Belen"]
[Result "1-0"]
[ECO "C51"]
[WhiteElo "1919"]
[BlackElo "1630"]
[Annotator "NA"]
[PlyCount "83"]
[EventDate "2018.10.20"]
[EventType "swiss"]
[EventCountry "GRE"]
[SourceTitle "playchess.com"]
[Source "ChessBase"]
[SourceQuality "1"]
[TimeControl "40/5400+30:1800+30"]

1. e4 e5 2. Nf3 Nc6 3. Bc4 Bc5 4. b4 Bxb4 5. c3 Bc5 6. d4 exd4 7. cxd4 Bb4+ 8. Bd2 Bxd2+ 9. Nbxd2 d6 10. h3 Nf6 11. O-O O-O 12. Bd3 Re8 13. Rb1 Ne7 14. Qb3 Ng6 15. Bc4 Rf8 16. e5 d5 17. Bd3 Nh5 18. Rfe1 Nhf4 19. Bc2 b6 20. Rbd1 Ba6 21. Qe3 Ne6 22. g3 Qe7 23. h4 Rfd8 24. h5 Ngf8 25. Nh4 c5 26. Nf5 Qc7 27. Nf3 cxd4 28. N3xd4 Nxd4 29. Nxd4 Bc8 30. Rc1 Qb7 31. h6 g6 32. Qg5 Re8 33. Ba4 Qe7 34. Qf4 Bd7 35. Rc7 Rec8 36. Rb7 Qd8 37. Bxd7 Nxd7 38. Rxd7 Qxd7 39. Qf6 Kf8 40. e6 Qb7 41. Qg7+ Ke8 42. exf7+ 1-0

[Event "WYCC 2018 G18"]
[Site "Halkidiki"]
[Date "2018.10.23"]
[Round "5"]
[White "Tsivelekidou, Evgenia"]
[Black "Salas Estrada, Ana Valeria"]
[Result "1-0"]
[ECO "E61"]
[WhiteElo "1891"]
[BlackElo "1593"]
[Annotator "NA"]
[PlyCount "57"]
[EventDate "2018.10.20"]
[EventType "swiss"]
[EventCountry "GRE"]
[SourceTitle "playchess.com"]
[Source "ChessBase"]
[SourceQuality "1"]
[TimeControl "40/5400+30:1800+30"]

1. d4 Nf6 2. c4 g6 3. Nc3 Bg7 4. Nf3 O-O 5. Bf4 d6 6. h3 Nfd7 7. e3 c5 8. Be2 Nc6 9. O-O Re8 10. d5 Nce5 11. Nxe5 Nxe5 12. Qd2 a6 13. e4 Rb8 14. Bh6 Bh8 15. f4 Nd7 16. Kh1 Qa5 17. a4 Bxc3 18. bxc3 Nf6 19. Bd3 Nh5 20. Kg1 e6 21. f5 exd5 22. exd5 Ng3 23. Rf3 Nxf5 24. Bxf5 Bxf5 25. Rxf5 b5 26. Rf3 b4 27. Qf4 f5 28. Qxd6 b3 29. Qd7 1-0

[Event "WYCC 2018 G18"]
[Site "Halkidiki"]
[Date "2018.10.23"]
[Round "5"]
[White "Nistor, Valentina"]
[Black "Arpita, Mukherjee"]
[Result "0-1"]
[ECO "B90"]
[WhiteElo "1881"]
[BlackElo "2147"]
[Annotator "NA"]
[PlyCount "108"]
[EventDate "2018.10.20"]
[EventType "swiss"]
[EventCountry "GRE"]
[SourceTitle "playchess.com"]
[Source "ChessBase"]
[SourceQuality "1"]
[TimeControl "40/5400+30:1800+30"]

1. e4 c5 2. Nf3 d6 3. d4 cxd4 4. Nxd4 Nf6 5. Nc3 a6 6. a4 e6 7. Bc4 Be7 8. O-O O-O 9. Be3 Qc7 10. Qe2 Nc6 11. Rfd1 {[%emt 0:04:46] B88: Sicilian: Sozin Attack} Ne5 12. Bb3 Neg4 13. h3 Nxe3 14. Qxe3 b6 {[%emt 0:01:18] [#]} 15. Rd3 $146 ({Predecessor:} 15. Rd2 Qc5 16. Re1 g6 17. Qd3 Ra7 18. Bc4 Nh5 {0-1 (47) Tomkovich,V (2505)-Poulsen,A (2590) ICCF corr 1996}) 15... Re8 16. Qg3 Bd7 17. Rad1 Rab8 18. f4 e5 19. Nde2 Bc6 20. Qf3 b5 21. axb5 axb5 22. Ng3 b4 23. Nd5 $15 Nxd5 24. Bxd5 Bxd5 25. Rxd5 Qxc2 26. Nf5 exf4 27. Qxf4 Bf8 28. Nxd6 Bxd6 29. Rxd6 Qxb2 30. Rd7 Qf6 31. Qxf6 gxf6 32. R7d4 Rec8 33. Rb1 b3 34. Rd2 Rb4 35. Rdb2 Rc3 36. Kf2 Kg7 37. Kg1 Kg6 38. Kh2 Kg5 39. Kg1 Kf4 40. Rf2+ Kxe4 41. Re1+ Re3 42. Rb1 f5 43. Rbf1 Rb5 44. Rb1 f4 45. Kh2 f3 46. gxf3+ Rxf3 47. Rg2 f5 48. Rd2 f4 49. Rbb2 Rd3 50. Re2+ Re3 51. Red2 f3 52. Kg3 Re2 53. Rxe2+ fxe2 54. Rxe2+ Kd3 0-1

[Event "WYCC 2018 G18"]
[Site "Halkidiki"]
[Date "2018.10.23"]
[Round "5"]
[White "Buchta, Agnieszka"]
[Black "Di Benedetto, Desiree"]
[Result "0-1"]
[ECO "C02"]
[WhiteElo "1879"]
[BlackElo "2321"]
[Annotator "NA"]
[PlyCount "130"]
[EventDate "2018.10.20"]
[EventType "swiss"]
[EventCountry "GRE"]
[SourceTitle "playchess.com"]
[Source "ChessBase"]
[SourceQuality "1"]
[TimeControl "40/5400+30:1800+30"]

1. e4 e6 2. d4 d5 3. e5 c5 4. c3 Nc6 5. Nf3 Nge7 6. Be2 Nf5 7. dxc5 Bxc5 8. O-O {[%emt 0:00:32] C02: French: Advance Variation} (8. b4 Be7 9. b5 Na5 10. O-O b6 11. Nbd2 Bb7 12. Nd4 Rc8 13. Nxf5 exf5 14. Nf3 O-O 15. Qd3 g6 {½-½ (24) Cozianu,C (2439)-Li,R (2408) ICC INT 2015}) 8... Qc7 9. Re1 $146 ({Predecessor:} 9. b4 Bb6 10. Re1 a5 11. Bd3 axb4 12. Bxf5 exf5 13. Qxd5 Be6 14. Qd2 b3 15. Na3 O-O 16. axb3 Bxb3 {1-0 (26) Koubek,V (2178)-Slosar,J (2135) Czechia 2002}) 9... Qb6 10. Rf1 Qc7 11. Re1 Nfe7 12. b4 Bb6 13. a4 Qb8 14. Bd3 Ng6 15. Bxg6 hxg6 16. Qe2 f6 17. b5 Nxe5 18. Nxe5 Qxe5 19. Qxe5 fxe5 20. Rxe5 Bc7 21. Bf4 Bxe5 22. Bxe5 O-O 23. Nd2 Bd7 24. Nf3 Rfc8 25. Bd4 Be8 26. h4 a6 27. b6 Rc4 28. a5 Rac8 29. Ra3 Ra4 30. Rxa4 Bxa4 31. Ne5 Be8 32. g3 Kf8 33. Kg2 Ke7 34. Kf3 Kd6 35. Kf4 Rc5 36. Kg5 Rxa5 37. Nxg6 Bxg6 38. Kxg6 e5 39. Be3 Ra1 40. h5 Rh1 41. Bg5 d4 42. cxd4 exd4 43. Bd2 Kc5 44. g4 Kb5 45. Kxg7 a5 46. h6 a4 47. h7 Rxh7+ 48. Kxh7 a3 49. g5 a2 50. g6 a1=Q 51. g7 Qb1+ 52. Kh6 Qh1+ 53. Kg6 Qe4+ 54. Kh6 Qe6+ 55. Kh7 Qf5+ 56. Kh6 Qf7 57. Kh7 Kxb6 58. Bh6 Kc5 59. Bd2 b5 60. f4 b4 61. Kh8 Qh5+ 62. Kg8 b3 63. Kf8 Qf5+ 64. Ke7 Qg6 65. Kf8 Qf6+ 0-1

[Event "WYCC 2018 G18"]
[Site "Halkidiki"]
[Date "2018.10.23"]
[Round "5"]
[White "Nguyen, Thi Minh Thu"]
[Black "Hrescak, Ivana"]
[Result "1/2-1/2"]
[ECO "E97"]
[WhiteElo "1849"]
[BlackElo "2173"]
[Annotator "NA"]
[PlyCount "71"]
[EventDate "2018.10.20"]
[EventType "swiss"]
[EventCountry "GRE"]
[SourceTitle "playchess.com"]
[Source "ChessBase"]
[SourceQuality "1"]
[TimeControl "40/5400+30:1800+30"]

1. d4 Nf6 2. c4 g6 3. Nc3 Bg7 4. e4 d6 5. Nf3 O-O 6. Be2 e5 7. O-O Nc6 8. dxe5 dxe5 9. Qxd8 Rxd8 10. Bg5 Re8 11. h3 Be6 12. Rfd1 h6 $14 13. Be3 Nd7 14. Nd5 Rac8 15. Ne1 Nd4 16. Bf1 c6 17. Nc3 Rcd8 18. Rac1 Nf8 19. f3 Rd7 20. b3 Red8 21. Nd3 b6 22. Nb2 f5 23. Bd3 f4 24. Bf2 g5 25. b4 h5 26. b5 cxb5 27. cxb5 Ng6 28. Kf1 Ne7 29. Bc4 Bxc4+ 30. Nxc4 Rc8 31. Nb2 Rdc7 32. Bxd4 exd4 33. Ne2 Rc2 34. Rb1 d3 35. Nxd3 Rxa2 36. h4 1/2-1/2

[Event "WYCC 2018 G18"]
[Site "Halkidiki"]
[Date "2018.10.23"]
[Round "5"]
[White "Tonso, Liina"]
[Black "Kieu, Bich Thuy"]
[Result "0-1"]
[ECO "B06"]
[WhiteElo "1805"]
[BlackElo "1913"]
[Annotator "NA"]
[PlyCount "102"]
[EventDate "2018.10.20"]
[EventType "swiss"]
[EventCountry "GRE"]
[SourceTitle "playchess.com"]
[Source "ChessBase"]
[SourceQuality "1"]
[TimeControl "40/5400+30:1800+30"]

1. e4 g6 2. d4 Bg7 3. h4 d6 4. Nc3 Nf6 5. f3 Nc6 6. Be3 a6 7. Qd2 h5 8. O-O-O O-O 9. Nh3 b5 10. Nf2 e5 11. d5 Na5 12. b3 Nb7 13. Be2 Nc5 14. a3 Rb8 15. g4 Qe7 16. Bg5 hxg4 17. fxg4 b4 18. axb4 Rxb4 19. h5 Qd7 20. h6 Bh8 21. h7+ Nxh7 22. Rxh7 Kxh7 23. Rh1+ Kg8 24. Rxh8+ Kg7 25. Bf6+ Kxf6 26. Rxf8 Kg7 27. Rxc8 Qxc8 28. Na4 Rd4 29. Qa5 Nxe4 30. Nxe4 Rxe4 31. Nc3 Rf4 32. Bxa6 Qa8 33. Qb5 Rxg4 34. Kb2 Rf4 35. Qc6 Qd8 36. Nb5 g5 37. Nxc7 g4 38. Ne8+ Kg8 39. Bb5 g3 40. Qc3 Qg5 41. Nxd6 g2 42. Qc8+ Kg7 43. Ne8+ Kh6 44. Qc6+ Qg6 45. Nd6 Rf6 46. Nxf7+ Rxf7 47. Qc8 g1=Q 48. Qh8+ Qh7 49. Qe8 Qd4+ 50. Ka3 Ra7+ 51. Ba4 Qc5+ 0-1

[Event "WYCC 2018 G18"]
[Site "Halkidiki"]
[Date "2018.10.23"]
[Round "5"]
[White "Mocanu, Valeria"]
[Black "Gillis Onieva, Celia"]
[Result "1/2-1/2"]
[ECO "B31"]
[WhiteElo "1800"]
[BlackElo "1892"]
[Annotator "NA"]
[PlyCount "119"]
[EventDate "2018.10.20"]
[EventType "swiss"]
[EventCountry "GRE"]
[SourceTitle "playchess.com"]
[Source "ChessBase"]
[SourceQuality "1"]
[TimeControl "40/5400+30:1800+30"]

1. e4 c5 2. Nf3 Nc6 3. Bb5 g6 4. Bxc6 bxc6 5. O-O Bg7 6. Re1 Rb8 7. c3 Nf6 8. d4 cxd4 9. cxd4 O-O 10. Nc3 d6 11. h3 Nd7 12. Rb1 c5 13. Be3 Bb7 14. d5 Qa5 15. Qd2 Rfd8 16. Bh6 Ne5 17. Bxg7 Nxf3+ 18. gxf3 Kxg7 19. Kh2 Qc7 20. Rg1 e6 21. Rg4 exd5 22. exd5 Re8 23. Rh4 h5 24. Rg1 Re5 25. f4 Rf5 26. Rg5 Rxg5 27. fxg5 Re8 28. Ne4 Re5 29. Nf6 Qe7 30. Qc3 Kf8 31. Nh7+ Kg7 32. f4 Kxh7 33. fxe5 Qxg5 34. Re4 Bxd5 35. Re2 Qf4+ 36. Qg3 dxe5 37. Rxe5 Qd2+ 38. Kg1 Qc1+ 39. Qe1 Qxe1+ 40. Rxe1 Bxa2 41. Ra1 Be6 42. Rxa7 Kg7 43. h4 Kf6 44. Kf2 Ke5 45. Kg3 c4 46. Ra8 f6 47. Rh8 Bd5 48. Rf8 Be4 49. Re8+ Kf5 50. Rc8 Bd5 51. Rh8 Ke5 52. Rh6 Bf7 53. Rh7 Be6 54. Rh6 Bf5 55. Rh8 Bd3 56. Rb8 g5 57. Rb5+ Ke6 58. hxg5 fxg5 59. Rxg5 Be2 60. Ra5 {Ke5} 1/2-1/2

[Event "WYCC 2018 G18"]
[Site "Halkidiki"]
[Date "2018.10.23"]
[Round "5"]
[White "Yurdakul, Didem Nuray"]
[Black "Vlkova, Anezka"]
[Result "0-1"]
[ECO "B14"]
[WhiteElo "1604"]
[BlackElo "1925"]
[Annotator "NA"]
[PlyCount "84"]
[EventDate "2018.10.20"]
[EventType "swiss"]
[EventCountry "GRE"]
[SourceTitle "playchess.com"]
[Source "ChessBase"]
[SourceQuality "1"]
[TimeControl "40/5400+30:1800+30"]

1. e4 c6 2. d4 d5 3. exd5 cxd5 4. c4 Nf6 5. Nc3 g6 6. cxd5 Nxd5 7. Bc4 Nb6 8. Bb3 Bg7 9. Nf3 O-O 10. O-O Nc6 11. Be3 Bg4 12. Re1 Na5 13. Bg5 Re8 14. Re4 Bf5 15. Re3 Nac4 16. Re2 Rc8 17. Ne5 h6 18. Bh4 Bxe5 19. dxe5 g5 20. Bg3 Nxb2 21. Rxb2 Rxc3 22. Qh5 e6 23. Rd1 Rd3 24. Rxd3 Qxd3 25. Qxh6 Nc4 26. Qxg5+ Bg6 27. Bxc4 Qxc4 28. Qd2 Rc8 29. Bf4 b5 30. h4 a5 31. Rb3 Kh7 32. h5 Bf5 33. Rg3 Qc7 34. Rg5 Rd8 35. Qe2 Qc3 36. h6 Bg6 37. Rg3 Qa1+ 38. Kh2 Rd1 39. Rb3 Rh1+ 40. Kg3 Qg1 41. Qg4 Rh2 42. Qf3 Bf5 0-1